[Event "Titled Tuesday Blitz May 24 Early 2022"]
[White "Vajda, Levente"]
[Black "Prokofiev, Valentyn"]
[WhiteFideId "1203975"]
[BlackFideId "14160161"]
[WhiteElo "2573"]
[BlackElo "2174"]
[Result "1/2-1/2"]
[Round "09"]
[TimeControl "180+1"]
[Date "2022.05.24"]
[WhiteClock "0:00:19"]
[BlackClock "0:01:05"]

1. e4 e5 2. Nf3 Nc6 3. Bc4 Nf6 4. d3 h6 5. O-O d6 6. c3 g5 7. d4 g4 8. Nfd2 exd4 9. cxd4 Nxd4 10. Nc3 Bg7 11. Nb3 Nc6 12. Bf4 O-O 13. Qd2 Kh7 14. Rad1 Nd7 15. Nd5 Nde5 16. Be2 Be6 17. Bg3 Rc8 18. f4 gxf3 19. gxf3 Bxd5 20. Qxd5 Ng6 21. Qd2 Qf6 22. Rb1 h5 23. f4 h4 24. e5 dxe5 25. fxe5 Qe6 26. Nc5 Qh3 27. Ne4 Bh6 28. Nf6+ Kg7 29. Nh5+ Kh7 30. Nf6+ Kg7 31. Nh5+ Kh7 32. Nf6+ 1/2-1/2


[Site "https://www.chess.com"]

[Event "Titled Tuesday Blitz May 24 Early 2022"]
[White "Vakhlamov, Igor L."]
[Black "Castaneda, Jhon David"]
[WhiteFideId "24126748"]
[BlackFideId "4405048"]
[WhiteElo "2401"]
[BlackElo "2152"]
[Result "1-0"]
[Round "09"]
[TimeControl "180+1"]
[Date "2022.05.25"]
[WhiteClock "0:00:11"]
[BlackClock "0:00:11"]

1. e4 c5 2. Nf3 Nc6 3. Nc3 d6 4. Bb5 Nf6 5. e5 dxe5 6. Nxe5 Bd7 7. Bxc6 bxc6 8. O-O e6 9. d3 Bd6 10. Nxd7 Nxd7 11. Re1 Qh4 12. g3 Qh3 13. Ne4 Be7 14. Bf4 h6 15. Nd6+ Kf8 16. Qf3 Kg8 17. Qxc6 Rd8 18. Nb7 Nb8 19. Qg2 Qxg2+ 20. Kxg2 Nc6 21. Nxd8 Bxd8 22. c3 Kf8 23. Bd6+ Be7 24. Bxe7+ Kxe7 25. Rad1 Kd6 26. Re4 f5 27. Ra4 a5 28. d4 cxd4 29. cxd4 Rb8 30. Rd2 Rb5 31. Rc4 Rd5 32. b3 Nb4 33. a3 Nc6 34. f4 g5 35. Kf3 g4+ 36. Ke3 Rb5 37. Rc3 Ne7 38. Rcd3 Nd5+ 39. Ke2 Nf6 40. Rc2 Ne4 41. Ke3 Nf6 42. Rc5 Nd5+ 43. Ke2 Rxc5 44. dxc5+ Kxc5 45. Rd2 Nc3+ 46. Kd3 Nb5 47. Rc2+ Kd6 48. a4 Nc7 49. Rxc7 Kxc7 50. Kc4 Kc6 51. b4 axb4 52. Kxb4 h5 53. Kc4 e5 54. fxe5 h4 55. Kd3 f4 56. Ke2 fxg3 57. hxg3 h3 58. Kf2 Kd5 59. a5 Kxe5 60. a6 1-0


[Site "https://www.chess.com"]

[Event "Titled Tuesday Blitz May 24 Early 2022"]
[White "Vasquez Schroeder, Rodrigo"]
[Black "Dubov, Daniil"]
[WhiteFideId "3400042"]
[BlackFideId "24126055"]
[WhiteElo "2567"]
[BlackElo "2791"]
[Result "1/2-1/2"]
[Round "09"]
[TimeControl "180+1"]
[Date "2022.05.24"]
[WhiteClock "0:00:23"]
[BlackClock "0:00:09"]

1. e4 c5 2. Nf3 g6 3. d4 cxd4 4. Nxd4 Bg7 5. c4 Qb6 6. Nb5 a6 7. Be3 Qa5+ 8. N5c3 Nf6 9. Nd2 O-O 10. Be2 d6 11. O-O Nc6 12. a3 Nd7 13. Nb3 Qd8 14. Rc1 b6 15. Nd4 Bb7 16. b4 Rc8 17. f3 Nce5 18. Na4 Rc7 19. Nb3 Rc8 20. Qd2 Qc7 21. Rc2 Rfe8 22. Rfc1 Qb8 23. Bf1 Bc6 24. Nc3 Ba8 25. Na4 Rc7 26. Qf2 b5 27. cxb5 Rxc2 28. Rxc2 axb5 29. Nc3 Nc4 30. Nxb5 Nxe3 31. Qxe3 Nf6 32. Qa7 Qd8 33. Qc7 Nd7 34. Qxd8 Rxd8 35. Na5 d5 36. exd5 Bxd5 37. Nc7 Bd4+ 38. Kh1 Nf6 39. Nxd5 Rxd5 40. Rd2 e6 41. Nb3 Bc3 42. Rxd5 Nxd5 43. b5 Nb6 44. g3 Bb2 45. Kg2 Bxa3 46. Kf2 Kf8 47. Ke3 Ke7 48. Nd2 Bc5+ 49. Kd3 Bg1 50. h3 Nd5 51. Ke2 Nc3+ 52. Ke1 Nd5 53. Bc4 Nb6 54. Bd3 Bc5 55. Ne4 Bb4+ 56. Ke2 h5 57. f4 Nd5 58. Bc4 Nb6 59. Kd3 Be1 60. g4 hxg4 61. hxg4 f5 62. gxf5 exf5 63. Ng5 Bg3 64. Nh3 Kd6 65. Bf7 Kc5 66. Bxg6 Nd5 67. Bxf5 Nxf4+ 68. Nxf4 Bxf4 69. Bd7 Bc7 70. Bc6 Bb6 71. Ke4 Kd6 72. Kd3 Kc7 73. Ke4 Ba7 74. Kd3 Bb6 75. Ke4 Ba7 76. Kd3 Bb6 1/2-1/2


[Site "https://www.chess.com"]

[Event "Titled Tuesday Blitz May 24 Early 2022"]
[White "Vidit, Santosh Gujrathi"]
[Black "Xu, Yi"]
[WhiteFideId "5029465"]
[BlackFideId "8605564"]
[WhiteElo "2654"]
[BlackElo "2471"]
[Result "1-0"]
[Round "09"]
[TimeControl "180+1"]
[Date "2022.05.24"]
[WhiteClock "0:00:07"]
[BlackClock "0:00:01"]

1. Nf3 Nf6 2. c4 e6 3. e3 d5 4. b3 b6 5. Bb2 Bb7 6. Nc3 a6 7. cxd5 exd5 8. g3 Bd6 9. Bg2 O-O 10. O-O Nbd7 11. Rc1 Qe7 12. Qc2 Rfe8 13. d3 Rad8 14. Nd4 g6 15. Nf3 Ne5 16. Nxe5 Bxe5 17. Ne2 Bxb2 18. Qxb2 Qd6 19. Rc2 c5 20. d4 Rc8 21. Rfc1 cxd4 22. Qxd4 Rxc2 23. Rxc2 Rc8 24. Rxc8+ Bxc8 25. Nc3 Bb7 26. e4 Qe6 27. e5 Ne4 28. Nxe4 dxe4 29. Bxe4 Bxe4 30. Qxe4 Kg7 31. h4 a5 32. Qd4 h5 33. Kf1 Kf8 34. Ke2 Ke7 35. Kd2 Qc6 36. Qf4 Qd5+ 37. Kc2 Qc5+ 38. Kd3 Qb5+ 39. Ke3 Qc5+ 40. Qd4 Qc1+ 41. Ke4 Qc2+ 42. Kf4 Qxa2 43. Qxb6 Qd2+ 44. Qe3 Qd5 45. Kg5 Ke6 46. Kf4 Qb5 47. Qc3 Qd5 48. Qc8+ Ke7 49. Qc7+ Ke6 50. Qb6+ Ke7 51. Qf6+ Ke8 52. Kg5 Qd2+ 53. f4 Qc3 54. Kh6 Qxg3 55. Kg7 Qxb3 56. Qc6+ Ke7 57. Qc7+ Ke8 58. Qc8+ Ke7 59. Qc7+ Ke8 60. Qxa5 Qe6 61. Qa8+ Kd7 62. Qb7+ Ke8 63. Qb8+ Kd7 64. Qd6+ Qxd6 65. exd6 Ke6 66. d7 Kxd7 67. Kxf7 1-0


[Site "https://www.chess.com"]

[Event "Titled Tuesday Blitz May 24 Early 2022"]
[White "Vidonyak, Roman"]
[Black "Mekhitarian, Krikor Sevag"]
[WhiteFideId "14100622"]
[BlackFideId "2107660"]
[WhiteElo "2399"]
[BlackElo "2598"]
[Result "0-1"]
[Round "09"]
[TimeControl "180+1"]
[Date "2022.05.25"]
[WhiteClock "0:00:03"]
[BlackClock "0:00:41"]

1. d4 d5 2. c4 dxc4 3. Nf3 Nf6 4. e3 e6 5. Bxc4 c5 6. O-O a6 7. a4 Nc6 8. Qe2 cxd4 9. Rd1 Be7 10. exd4 Nb4 11. Nc3 O-O 12. Ne5 Nbd5 13. Nxd5 Nxd5 14. Qe4 Bf6 15. Bxd5 exd5 16. Qf3 Be7 17. Bf4 Be6 18. Rac1 Qb6 19. b3 Rac8 20. Qd3 Rfd8 21. h3 Bf8 22. Rxc8 Rxc8 23. Rc1 Rxc1+ 24. Bxc1 f6 25. Nf3 Qc6 26. Qd1 Bf5 27. Qe1 Be4 28. Nd2 Bb4 29. f3 Bg6 30. Qf1 Qc3 31. Qe1 Qxd4+ 32. Kh1 Qe5 33. Qf2 Bd6 34. Nf1 Bd3 35. f4 Qe2 36. Qxe2 Bxe2 37. Ng3 Bd1 38. Nf5 Bc5 39. Be3 Bxe3 40. Nxe3 Bxb3 41. a5 d4 0-1


[Site "https://www.chess.com"]

[Event "Titled Tuesday Blitz May 24 Early 2022"]
[White "Vusatiuk, Vladimir"]
[Black "Martin, Lewis"]
[WhiteFideId "14118610"]
[BlackFideId "410551"]
[WhiteElo "2157"]
[BlackElo "2145"]
[Result "1-0"]
[Round "09"]
[TimeControl "180+1"]
[Date "2022.05.25"]
[WhiteClock "0:00:03"]
[BlackClock "0:00:26"]

1. d4 d5 2. c4 c6 3. Nc3 Nf6 4. Nf3 dxc4 5. a4 Bf5 6. Ne5 Nbd7 7. Nxc4 Nb6 8. Ne5 e6 9. g3 Be7 10. a5 Nbd5 11. Bg2 Bb4 12. a6 Nxc3 13. bxc3 Bxc3+ 14. Bd2 Qxd4 15. axb7 Rd8 16. Nxc6 Qxd2+ 17. Qxd2 Rxd2 18. O-O Nd7 19. Rxa7 O-O 20. Rc1 Bd4 21. Ne7+ Kh8 22. Ra8 Be5 23. Rcc8 h5 24. Rxf8+ Nxf8 25. Rxf8+ Kh7 26. h3 Rb2 27. Nc6 Bd6 28. b8=Q Bxb8 29. Rxb8 Rc2 30. Nd4 1-0


[Site "https://www.chess.com"]

[Event "Titled Tuesday Blitz May 24 Early 2022"]
[White "Wagner, Dennis"]
[Black "Maksimenko, Viktor"]
[WhiteFideId "24650684"]
[BlackFideId "13710478"]
[WhiteElo "2355"]
[BlackElo "2269"]
[Result "1-0"]
[Round "09"]
[TimeControl "180+1"]
[Date "2022.05.25"]
[WhiteClock "0:00:14"]
[BlackClock "0:00:04"]

1. e4 c6 2. d4 d5 3. exd5 cxd5 4. Bd3 Nc6 5. c3 Nf6 6. Bf4 Bg4 7. Qb3 Qd7 8. Nd2 e6 9. Ngf3 Bxf3 10. Nxf3 Bd6 11. Bxd6 Qxd6 12. O-O O-O 13. Rfe1 Qc7 14. g3 a6 15. a4 Rac8 16. Kg2 Rfe8 17. h4 Re7 18. Re2 Rce8 19. Qd1 e5 20. dxe5 Nxe5 21. Nxe5 Rxe5 22. Rxe5 Qxe5 23. Qd2 Re7 24. Qg5 Qd6 25. Rd1 h6 26. Qf5 g6 27. Qf3 Qb6 28. a5 Qe6 29. Bc2 h5 30. Bb3 Rd7 31. Rd4 Kg7 32. Rb4 Qe5 33. Qf4 Qe2 34. Qd4 Qe4+ 35. Kg1 Qe1+ 36. Kh2 Qe4 37. Ba4 Re7 38. Bb3 Rd7 39. Bd1 Qxd4 40. Rxd4 Kf8 41. Kg2 Ke7 42. Rb4 Kd6 43. Rb6+ Ke7 44. Bf3 Ne8 45. Kf1 Ng7 46. Ke2 Ne6 47. Ke3 Kd8 48. g4 hxg4 49. Bxg4 Re7 50. Bxe6 Rxe6+ 51. Kd4 Re4+ 52. Kxd5 Rxh4 53. Rxb7 Rf4 54. b4 Rxf2 55. c4 g5 56. b5 axb5 57. cxb5 g4 58. a6 g3 59. a7 Ra2 60. Rb8+ Ke7 61. a8=Q Rxa8 62. Rxa8 g2 63. Ra1 1-0


[Site "https://www.chess.com"]

[Event "Titled Tuesday Blitz May 24 Early 2022"]
[White "Winkels, Marcel"]
[Black "Keller, Peter"]
[WhiteFideId "1003887"]
[BlackFideId "1272105"]
[WhiteElo "1900"]
[BlackElo "2275"]
[Result "0-1"]
[Round "09"]
[TimeControl "180+1"]
[Date "2022.05.25"]
[WhiteClock "0:00:01"]
[BlackClock "0:00:16"]

1. e4 e5 2. Nf3 Nc6 3. Bc4 Nf6 4. d3 Be7 5. O-O O-O 6. c3 d5 7. exd5 Nxd5 8. Re1 Bg4 9. h3 Bh5 10. Nbd2 Nb6 11. Ne4 Nxc4 12. dxc4 Qxd1 13. Rxd1 f5 14. Ng3 Bxf3 15. gxf3 Rad8 16. Bd2 Rd3 17. Be1 Rxf3 18. Rd7 Bc5 19. Kg2 e4 20. Rxc7 Rf7 21. Rxf7 Kxf7 22. Rd1 Ke6 23. Rd5 Bd6 24. b4 g6 25. Ne2 Be5 26. b5 Na5 27. Nd4+ Bxd4 28. Rxd4 Rd3 29. c5 Rxd4 30. cxd4 Nc4 31. Kf1 Na3 32. b6 axb6 33. cxb6 Nc4 34. Ke2 Kd5 35. Bc3 Nxb6 36. f3 Na4 37. Ba1 b5 38. Ke3 exf3 39. Kxf3 g5 40. Ke3 h5 41. Kf3 g4+ 42. hxg4 fxg4+ 43. Kg3 Ke4 44. a3 Nb6 45. Bc3 Nc4 46. Bb4 Nb6 47. Bc5 Nd5 48. Ba7 Ne3 49. Kh4 Kf3 50. Bb8 g3 51. Bxg3 Nf5+ 52. Kxh5 Kxg3 53. d5 Kf4 54. Kg6 Ke5 55. Kg5 Nd6 56. Kg4 Ke4 57. Kg3 Nc4 0-1


[Site "https://www.chess.com"]

[Event "Titled Tuesday Blitz May 24 Early 2022"]
[White "Yaksin, Oleg"]
[Black "Nogerbek, Kazybek"]
[WhiteFideId "24105880"]
[BlackFideId "13710427"]
[WhiteElo "2256"]
[BlackElo "2441"]
[Result "0-1"]
[Round "09"]
[TimeControl "180+1"]
[Date "2022.05.24"]
[WhiteClock "0:00:08"]
[BlackClock "0:01:43"]

1. d4 Nf6 2. c4 Nc6 3. Nf3 e6 4. g3 Bb4+ 5. Bd2 Bxd2+ 6. Qxd2 O-O 7. Nc3 d6 8. Bg2 e5 9. O-O Bg4 10. d5 Bxf3 11. exf3 Nd4 12. f4 Nd7 13. Rfe1 Re8 14. fxe5 dxe5 15. f4 c5 16. dxc6 bxc6 17. fxe5 Nxe5 18. Qf4 Nc2 19. Rxe5 Rxe5 20. Qxe5 Nxa1 21. c5 Rc8 22. Be4 g6 23. Ne2 Qd2 24. Kf2 Nc2 25. Bxc6 Rxc6 26. Qe8+ Kg7 27. Qxc6 Qe3+ 28. Kf1 Qxe2+ 29. Kxe2 Nd4+ 30. Kd3 Nxc6 31. Kc4 f5 32. b4 g5 33. b5 Ne7 34. a4 Kf6 35. a5 Ke6 36. b6 a6 37. b7 Nc6 38. Kd3 Kd5 39. Ke3 Kxc5 40. b8=Q Nxb8 0-1


[Site "https://www.chess.com"]

[Event "Titled Tuesday Blitz May 24 Early 2022"]
[White "Zhigalko, Sergei"]
[Black "Paravyan, David"]
[WhiteFideId "13502956"]
[BlackFideId "4194985"]
[WhiteElo "2662"]
[BlackElo "2569"]
[Result "0-1"]
[Round "09"]
[TimeControl "180+1"]
[Date "2022.05.24"]
[WhiteClock "0:00:01"]
[BlackClock "0:00:07"]

1. e4 e5 2. Nf3 Nf6 3. Nxe5 d6 4. Nf3 Nxe4 5. Nc3 Nxc3 6. dxc3 Be7 7. Be3 O-O 8. Qd2 Bg4 9. O-O-O Nd7 10. Be2 c6 11. h3 Bxf3 12. Bxf3 d5 13. c4 Ne5 14. cxd5 Nc4 15. Qd3 Nxe3 16. fxe3 Qa5 17. Qb3 Bf6 18. Kb1 Qc5 19. Rd3 a5 20. a3 Ra6 21. c3 Rb6 22. Qa2 Re8 23. Rhd1 g6 24. dxc6 bxc6 25. Rd7 Re7 26. Rxe7 Qxe7 27. Ka1 Qxe3 28. Qc4 Kg7 29. Ka2 Qf2 30. Rb1 Qc2 31. Be4 Qd2 32. Bf3 h5 33. Qc5 Rb8 34. Qxc6 Qc2 35. Qc4 a4 36. Be4 Qd2 37. Bd5 Rb3 38. Qc5 Rxc3 39. Qb5 Rc2 40. Be4 Rc8 41. Qxa4 Rb8 0-1


[Site "https://www.chess.com"]

[Event "Titled Tuesday Blitz May 24 Early 2022"]
[White "Agasarov, Benik"]
[Black "Mikhalsky, Vladimir"]
[WhiteFideId "13314823"]
[BlackFideId "14144352"]
[WhiteElo "2594"]
[BlackElo "2301"]
[Result "0-1"]
[Round "10"]
[TimeControl "180+1"]
[Date "2022.05.25"]
[WhiteClock "0:00:05"]
[BlackClock "0:00:13"]

1. e4 g6 2. d4 Bg7 3. Nc3 d6 4. Be3 a6 5. f3 b5 6. Qd2 Bb7 7. h4 h5 8. Nh3 Nd7 9. Ng5 Ngf6 10. a4 b4 11. Nd1 a5 12. Bc4 e6 13. Nf2 d5 14. Bd3 e5 15. O-O-O O-O 16. f4 exd4 17. Bxd4 c5 18. Bxf6 Nxf6 19. e5 c4 20. Bxc4 dxc4 21. Qxd8 Rfxd8 22. exf6 Bxf6 23. Nge4 Be7 24. Rhe1 Bxh4 25. g3 Be7 26. Rxd8+ Rxd8 27. Nd2 Bc5 28. Nfe4 c3 29. Nb3 cxb2+ 30. Kxb2 Bf8 31. Nxa5 Bg7+ 32. Kb1 Ba8 33. Nc5 Rc8 34. Nab3 Bf8 35. Nd7 Bd6 36. Nb6 Rb8 37. Nxa8 Rxa8 38. a5 Bc7 39. Kb2 h4 40. gxh4 Bxf4 41. Re4 Bc7 42. Rxb4 Bxa5 43. Rc4 Rb8 44. Ka2 Bd8 45. Rc5 Bxh4 46. c4 Be7 47. Rc7 Kf8 48. Nd4 Rd8 49. Nc6 Rd2+ 50. Kb3 Bf6 51. c5 g5 52. Nb8 Kg7 53. c6 Be5 54. Rd7 Rb2+ 55. Kc4 Rxb8 56. Kd5 Bf4 57. Ke4 Re8+ 58. Kf5 Re5+ 59. Kg4 Rc5 60. c7 Rxc7 61. Rd5 Re7 62. Kh5 Re2 63. Rd7 Rh2+ 64. Kg4 Kg6 65. Rd6+ Bxd6 66. Kf3 f5 67. Ke3 g4 68. Kd3 Kg5 0-1


[Site "https://www.chess.com"]

[Event "Titled Tuesday Blitz May 24 Early 2022"]
[White "Ajay Krishna, S"]
[Black "Tasev, Dejan"]
[WhiteFideId "5096430"]
[BlackFideId "936618"]
[WhiteElo "2247"]
[BlackElo "2253"]
[Result "0-1"]
[Round "10"]
[TimeControl "180+1"]
[Date "2022.05.25"]
[WhiteClock "0:00:06"]
[BlackClock "0:00:22"]

1. d4 Nf6 2. c4 g6 3. Nf3 Bg7 4. g3 O-O 5. Bg2 b6 6. O-O Bb7 7. d5 e6 8. Nc3 exd5 9. cxd5 d6 10. e4 Re8 11. Nd4 a5 12. Be3 Na6 13. a3 Nc5 14. Qc2 a4 15. h3 Qd7 16. Rfe1 Re7 17. Bf1 Nfxe4 18. Nxe4 Rxe4 19. Nc6 Bxc6 20. dxc6 Qe7 21. Bg2 Re5 22. Bd2 Nb3 23. Rxe5 Bxe5 24. Rd1 Nxd2 25. Rxd2 Qf6 26. Re2 Kg7 27. f4 Bd4+ 28. Kh2 h5 29. h4 Ra5 30. Be4 Rc5 31. Qxa4 Bxb2 32. Qa7 Rc1 33. Qxc7 Qd4 34. Bg2 Qg1+ 35. Kh3 Bf6 36. Qxd6 Rc3 37. Qd5 Bxh4 38. Kxh4 Qh2+ 39. Bh3 Qxg3# 0-1


[Site "https://www.chess.com"]

[Event "Titled Tuesday Blitz May 24 Early 2022"]
[White "Ambartsumova, Karina"]
[Black "Karolczuk, Iwo"]
[WhiteFideId "4166299"]
[BlackFideId "21816972"]
[WhiteElo "2262"]
[BlackElo "2258"]
[Result "1-0"]
[Round "10"]
[TimeControl "180+1"]
[Date "2022.05.25"]
[WhiteClock "0:00:18"]
[BlackClock "0:00:07"]

1. d4 Nf6 2. Nf3 g6 3. g3 Bg7 4. Bg2 O-O 5. O-O c6 6. c4 d6 7. Nc3 Qa5 8. e4 e5 9. Re1 Nbd7 10. Qc2 exd4 11. Nxd4 Ne5 12. b3 Re8 13. Bb2 Nfd7 14. Rad1 Nc5 15. f4 Bg4 16. Rd2 Ned3 17. Rxd3 Nxd3 18. Qxd3 d5 19. e5 dxc4 20. Qxc4 Rad8 21. b4 Qb6 22. Ne4 Bf5 23. Nc5 Bc8 24. e6 Kh8 25. e7 Rd6 26. Qxf7 Bd7 27. Nde6 Rxe6 28. Qxg7# 1-0


[Site "https://www.chess.com"]

[Event "Titled Tuesday Blitz May 24 Early 2022"]
[White "Artemenko, Oleg"]
[Black "Fernandez Barrera, Victor"]
[WhiteFideId "14201798"]
[BlackFideId "2261529"]
[WhiteElo "2287"]
[BlackElo "2189"]
[Result "1-0"]
[Round "10"]
[TimeControl "180+1"]
[Date "2022.05.25"]
[WhiteClock "0:01:44"]
[BlackClock "0:00:32"]

1. e4 c5 2. Nf3 d6 3. d4 cxd4 4. Nxd4 Nf6 5. Nc3 a6 6. h3 g6 7. g4 h5 8. g5 Nfd7 9. Be3 Bg7 10. Bg2 Nc6 11. O-O O-O 12. f4 Nxd4 13. Bxd4 e5 14. fxe5 Nxe5 15. Be3 Nc4 16. Bc1 Nxb2 17. Qf3 Nc4 18. Rb1 b5 19. a4 Ne5 20. Qg3 Bd7 21. axb5 axb5 22. Nd5 Nc4 23. Nf6+ Kh8 24. Bf4 Qb6+ 25. Kh2 Be6 26. Rfd1 Ra3 27. Rd3 Rfa8 28. e5 dxe5 29. Bxa8 exf4 30. Qg2 Rxd3 31. cxd3 Ne3 32. Qc6 Qxc6 33. Bxc6 Bf8 34. Rxb5 Bd6 35. Bf3 Kg7 36. Ne8+ 1-0


[Site "https://www.chess.com"]

[Event "Titled Tuesday Blitz May 24 Early 2022"]
[White "Avinash, Ramesh"]
[Black "Coto Mederos, Michel"]
[WhiteFideId "45018340"]
[BlackFideId "3508528"]
[WhiteElo "1875"]
[BlackElo "2427"]
[Result "1-0"]
[Round "10"]
[TimeControl "180+1"]
[Date "2022.05.25"]
[WhiteClock "0:00:43"]
[BlackClock "0:00:03"]

1. e4 d5 2. exd5 Qxd5 3. Nf3 Nf6 4. Be2 Bf5 5. d4 e6 6. c4 Qd8 7. Nc3 Nbd7 8. O-O c6 9. Bf4 Be7 10. Rc1 O-O 11. Qb3 Qb6 12. Rfd1 h6 13. h3 Rfd8 14. Qxb6 Nxb6 15. Ne5 Ne4 16. Nxe4 Bxe4 17. Kf1 Na4 18. b3 Nb6 19. Bf3 Bh7 20. Bh5 g6 21. Bf3 g5 22. Be3 Ba3 23. Ng4 Bxc1 24. Bxc1 Kg7 25. Bb2 f6 26. Re1 Re8 27. Nxf6 Kxf6 28. d5+ e5 29. dxc6 Bd3+ 30. Kg1 Rab8 31. cxb7 Nd7 32. Bc6 Ke6 33. c5 e4 34. b4 Ne5 35. Bxe8 Rxe8 36. Bxe5 Kxe5 37. Rc1 Bb5 38. c6 Bxc6 39. Rxc6 Rb8 40. Rc7 Kd6 41. Rh7 Kc6 42. Rxh6+ Kxb7 43. Re6 Rd8 44. Rxe4 Rd1+ 45. Kh2 Rd2 46. Kg3 Rxa2 47. Re5 Rb2 48. b5 Rb3+ 49. f3 Rb4 50. Rxg5 Kb6 51. h4 Rb2 52. h5 Rb1 53. Kg4 1-0


[Site "https://www.chess.com"]

[Event "Titled Tuesday Blitz May 24 Early 2022"]
[White "Barp, Alberto"]
[Black "Shimanov, Aleksandr"]
[WhiteFideId "872555"]
[BlackFideId "4198603"]
[WhiteElo "2229"]
[BlackElo "2605"]
[Result "0-1"]
[Round "10"]
[TimeControl "180+1"]
[Date "2022.05.24"]
[WhiteClock "0:00:05"]
[BlackClock "0:00:05"]

1. Nf3 d5 2. g3 Bg4 3. Bg2 Nd7 4. d4 c6 5. O-O e6 6. h3 Bf5 7. Nh4 Be4 8. Bxe4 dxe4 9. Nc3 Ngf6 10. Ng2 Be7 11. g4 h6 12. Bf4 Qb6 13. Rb1 O-O-O 14. b4 e5 15. dxe5 Nxe5 16. Qc1 Nc4 17. Ne3 Qd4 18. Nf5 Qd7 19. Rd1 Nd5 20. Nxe4 h5 21. Rd4 b5 22. Nc3 Bf6 23. Nxd5 Bxd4 24. Nde3 Bxe3 25. Nxe3 Nxe3 26. Qxe3 hxg4 27. c4 Rhe8 28. Qa3 Kb7 29. Rc1 Rc8 30. Be3 a6 31. h4 g3 32. fxg3 Re4 33. cxb5 cxb5 34. Rxc8 Qxc8 35. Qd3 Qe6 36. Bf4 Rxe2 37. Qd8 Re1+ 38. Kg2 Qe2+ 39. Kh3 Rh1# 0-1


[Site "https://www.chess.com"]

[Event "Titled Tuesday Blitz May 24 Early 2022"]
[White "Begunov, Konstantin"]
[Black "D`Arruda, Ricardo D."]
[WhiteFideId "4118510"]
[BlackFideId "100692"]
[WhiteElo "2262"]
[BlackElo "2497"]
[Result "0-1"]
[Round "10"]
[TimeControl "180+1"]
[Date "2022.05.25"]
[WhiteClock "0:00:01"]
[BlackClock "0:00:25"]

1. d4 Nf6 2. c4 e5 3. dxe5 Ne4 4. Nd2 Nc5 5. Ngf3 Nc6 6. b3 Qe7 7. Bb2 d6 8. Qc2 dxe5 9. a3 a5 10. g3 g6 11. Bg2 Bg7 12. O-O O-O 13. Bc3 Bf5 14. Qb2 f6 15. Rad1 Rfd8 16. Rfe1 Rd7 17. Nh4 Be6 18. Nf1 g5 19. Nf3 Rad8 20. Ne3 e4 21. Nd4 Nxd4 22. Bxd4 f5 23. Bxg7 Qxg7 24. Qc2 a4 25. b4 Nb3 26. Rxd7 Qxd7 27. g4 f4 28. Nf5 Bxf5 29. gxf5 Qd2 30. Qxd2 Nxd2 31. e3 f3 32. Bf1 Nxf1 0-1


[Site "https://www.chess.com"]

[Event "Titled Tuesday Blitz May 24 Early 2022"]
[White "Bharath Subramaniyam H"]
[Black "Demchenko, Anton"]
[WhiteFideId "46634827"]
[BlackFideId "4160258"]
[WhiteElo "2242"]
[BlackElo "2539"]
[Result "1-0"]
[Round "10"]
[TimeControl "180+1"]
[Date "2022.05.24"]
[WhiteClock "0:00:08"]
[BlackClock "0:00:03"]

1. c4 Nf6 2. Nc3 g6 3. d4 Bg7 4. e4 d6 5. h3 O-O 6. Be3 e5 7. d5 Na6 8. g4 Nc5 9. f3 a5 10. Nge2 h5 11. Qd2 c6 12. dxc6 bxc6 13. O-O-O Nb7 14. Bg5 a4 15. gxh5 Qa5 16. Ng3 Be6 17. Rg1 Nc5 18. Nf5 Bxf5 19. exf5 Nxh5 20. Be7 Nf4 21. Qxd6 Nb7 22. Qxc6 a3 23. Bxa3 Qa7 24. Bg2 Rfc8 25. Qe4 Na5 26. c5 Qa6 27. Bf1 Qa7 28. fxg6 fxg6 29. Bc4+ Nxc4 30. Qxc4+ Kh7 31. Ne4 Qb8 32. Ng5+ Kh6 33. Nf7+ Kh7 34. Rg4 Rxa3 35. Rh4+ Nh5 36. bxa3 Qa7 37. c6 Qxa3+ 38. Kc2 Rb8 39. Ng5+ Kh6 40. Nf7+ Kh7 41. Rb1 Rb2+ 42. Rxb2 Qxf3 43. Ng5+ Kh6 44. Nxf3 1-0


[Site "https://www.chess.com"]

[Event "Titled Tuesday Blitz May 24 Early 2022"]
[White "Bifulco, Michel"]
[Black "Juhasz, Agoston"]
[WhiteFideId "828580"]
[BlackFideId "778346"]
[WhiteElo "2165"]
[BlackElo "2211"]
[Result "1-0"]
[Round "10"]
[TimeControl "180+1"]
[Date "2022.05.25"]
[WhiteClock "0:00:24"]
[BlackClock "0:00:08"]

1. d4 Nf6 2. Nc3 d5 3. Bf4 e6 4. Nb5 Na6 5. e3 Be7 6. Nf3 O-O 7. a3 c6 8. Nc3 c5 9. Bxa6 bxa6 10. O-O a5 11. Ne5 Bb7 12. Qf3 Rc8 13. Rfd1 Nd7 14. Rd2 Nxe5 15. Bxe5 Qd7 16. dxc5 f6 17. Bd6 Bxd6 18. cxd6 d4 19. Ne4 f5 20. Rxd4 Bxe4 21. Qf4 Rxc2 22. Qe5 Rfc8 23. f3 Bb7 24. Qxa5 Bd5 25. e4 fxe4 26. fxe4 Ba8 27. h3 Kh8 28. Rf1 R2c5 29. Qxc5 h6 30. Qh5 e5 31. Qxe5 Kh7 32. Qf5+ Qxf5 33. exf5 Rd8 34. d7 Kg8 35. Re1 Kf7 36. Re8 1-0


[Site "https://www.chess.com"]

[Event "Titled Tuesday Blitz May 24 Early 2022"]
[White "Borawski, Jakub"]
[Black "Wagner, Dennis"]
[WhiteFideId "1143000"]
[BlackFideId "24650684"]
[WhiteElo "2020"]
[BlackElo "2355"]
[Result "0-1"]
[Round "10"]
[TimeControl "180+1"]
[Date "2022.05.24"]
[WhiteClock "0:00:58"]
[BlackClock "0:00:15"]

1. e4 c5 2. Nf3 d6 3. d4 cxd4 4. Nxd4 Nf6 5. Nc3 a6 6. Be2 e5 7. Nb3 Be7 8. O-O O-O 9. Kh1 Nc6 10. f3 Re8 11. g4 Be6 12. g5 Nh5 13. Rg1 g6 14. Nd5 Bxd5 15. exd5 Nb8 16. Nd2 Bxg5 17. Ne4 Bxc1 18. Qxc1 Nf4 19. Bf1 f5 20. Ng5 Nd7 21. Qe1 Rc8 22. Qh4 Qe7 23. c4 Nf6 24. Re1 N6h5 25. Qf2 Kg7 26. b3 h6 27. Nh3 Nxh3 28. Bxh3 Qf6 29. Bf1 Nf4 30. b4 g5 31. Qd2 Re7 32. a4 Kh7 33. a5 e4 34. fxe4 fxe4 35. b5 axb5 36. cxb5 Rc3 37. Rg3 Rxg3 38. hxg3 Nh5 39. Kh2 Qf3 40. Qe3 Qf6 41. a6 bxa6 42. bxa6 Qb2+ 43. Bg2 Nf6 44. a7 Ng4+ 45. Kh3 Nxe3 46. Rxe3 Rxa7 47. Bxe4+ Kg7 48. Bf5 Ra2 49. Kg4 Qf6 50. Re6 Ra4+ 51. Be4 Qxe6+ 0-1


[Site "https://www.chess.com"]

[Event "Titled Tuesday Blitz May 24 Early 2022"]
[White "Borgaonkar Akshay"]
[Black "Sadubayev, Airat"]
[WhiteFideId "25639110"]
[BlackFideId "13713264"]
[WhiteElo "1639"]
[BlackElo "2234"]
[Result "0-1"]
[Round "10"]
[TimeControl "180+1"]
[Date "2022.05.25"]
[WhiteClock "0:00:03"]
[BlackClock "0:01:52"]

1. e4 c5 2. Nf3 d6 3. d4 cxd4 4. Nxd4 Nf6 5. Nc3 a6 6. h3 e6 7. g4 b5 8. Bg2 Bb7 9. a3 Nc6 10. O-O Rc8 11. g5 Nd7 12. f4 Be7 13. Be3 O-O 14. Qh5 Nxd4 15. Bxd4 e5 16. Be3 exf4 17. Bxf4 Ne5 18. Rad1 Qb6+ 19. Kh2 b4 20. axb4 Qxb4 21. Bxe5 dxe5 22. Rd7 Bc6 23. Nd5 Bxd5 24. exd5 Rxc2 25. d6 Qe4 26. Rf3 Bxg5 27. Rdxf7 Bf4+ 28. R7xf4 exf4 29. d7 Rd2 30. Qg4 Qf5 31. Qh4 Qxd7 32. Rc3 f3 33. Qg5 Rxg2+ 34. Qxg2 fxg2 35. Rg3 Qd6 36. Kxg2 Qd2+ 37. Kg1 Rf2 38. h4 Qe1# 0-1


[Site "https://www.chess.com"]

[Event "Titled Tuesday Blitz May 24 Early 2022"]
[White "Bortnyk, Olexandr"]
[Black "Antipov, Mikhail Al."]
[WhiteFideId "14120828"]
[BlackFideId "4107012"]
[WhiteElo "2723"]
[BlackElo "2512"]
[Result "0-1"]
[Round "10"]
[TimeControl "180+1"]
[Date "2022.05.24"]
[WhiteClock "0:00:01"]
[BlackClock "0:00:04"]

1. d4 Nf6 2. Nc3 d5 3. Bf4 g6 4. e3 Nh5 5. Be5 f6 6. Bg3 c6 7. Bd3 Be6 8. Nge2 Nxg3 9. hxg3 Bf7 10. Nf4 Bg7 11. e4 dxe4 12. Bxe4 f5 13. Bf3 Qxd4 14. Qe2 Qe5 15. O-O-O Qxe2 16. Ncxe2 e5 17. Nc3 O-O 18. Nh3 h5 19. Kb1 Bf6 20. Rhe1 Na6 21. Be2 Nc5 22. Rd6 Be7 23. Rdd1 Rad8 24. b4 Ne6 25. a3 b5 26. Bf1 Rxd1+ 27. Nxd1 Rd8 28. Nb2 e4 29. f3 exf3 30. gxf3 Bf6 31. Nd3 Nd4 32. Bg2 Nb3 33. f4 Nd2+ 34. Kc1 Nc4 35. Bxc6 Nxa3 36. Ng5 Rc8 37. Nxf7 Rxc6 38. Nfe5 Rxc2+ 39. Kd1 Rg2 40. Nd7 Bc3 41. Re7 Rd2+ 42. Ke1 Rxd3+ 43. Ke2 Rd6 44. Ne5 Nc4 45. Nf7 Rd2+ 46. Kf3 Bd4 47. g4 hxg4+ 48. Kg3 Bf2+ 49. Kg2 Bh4+ 50. Kf1 Bxe7 0-1


[Site "https://www.chess.com"]